 Dungeon Crawl Stone Soup version 0.17.1-3-g152610e (webtiles) character file.

222 inmateoo the Slasher (level 5, 0/54 HPs)
             Began as a High Elf Gladiator on Feb 22, 2016.
             Slain by a hound (4 damage)
             ... on level 6 of the Dungeon.
             The game lasted 00:07:40 (4979 turns).

inmateoo the Slasher (High Elf Gladiator)           Turns: 4979, Time: 00:07:40

Health: 0/54       AC: 22    Str: 20    XL:     5   Next: 66%
Magic:  6/6        EV:  2    Int: 11    God:
Gold:   195        SH:  3    Dex: 16    Spells: 0 memorised, 4 levels left

rFire  . . .     SeeInvis .     j - +0 falchion (slice)
rCold  . . .     Clarity  .     (armour currently unavailable)
rNeg   + + +     SustAt   .     h - +0 buckler
rPois  +         Gourm    .     (helmet currently unavailable)
rElec  .         Spirit   .     (cloak currently unavailable)
rCorr  .         Warding  .     (gloves currently unavailable)
rMut   .         NoTele   +     (boots currently unavailable)
MR     .....                    (no amulet)
Stlth  +.........               (no ring)
                                (no ring)

@: mighty, tree-form, not resistant to hostile enchantments, very unstealthy
A: no striking features
a: no special abilities


You were on level 6 of the Dungeon.
You were hungry.
You were a tree.
You visited 1 branch of the dungeon, and saw 6 of its levels.

You collected 195 gold pieces.

Inventory:

Hand Weapons
 a - a +0 long sword
 j - a +0 falchion of slicing (weapon)
Missiles
 d - 3 throwing nets (quivered)
Armour
 b - a +0 leather armour (melded)
 e - a +1 helmet (melded)
 h - a +0 buckler (worn)
 o - a +0 cloak (melded)
Potions
 f - a potion of mutation {unknown}
 g - a potion of resistance
 i - a potion of haste {unknown}
 m - a potion of lignification
 r - a potion of curing {unknown}
Comestibles
 l - 3 bread rations
 n - 2 meat rations
 p - a slice of pizza


   Skills:
 + Level 3.2 Fighting
 * Level 5.9 Long Blades
 - Level 2.0 Throwing
 + Level 4.8 Dodging


You had 4 spell levels left.
You didn't know any spells.

Dungeon Overview and Level Annotations

Branches:
Dungeon (6/15)
 Temple: D:4-7

Altars:
Ashenzari
Kikubaaqudgha
Makhleb
Trog

Annotations:
D:2 Sigmund
D:3 inmateoo's ghost, amateur HEFi
D:4 Blork the orc
D:6 kaze's ghost, novice TrBe


Message History

Your +0 cloak melds into your body.
Your +1 helmet melds into your body.
Your +0 leather armour melds into your body.
Your roots penetrate the ground.
The hound bites you but does no damage. The hound bites you but does no damage.
You closely miss the gnoll. The hound bites you but does no damage.
The gnoll hits you with a club.
Unknown command.
You hit the gnoll.
The gnoll is lightly wounded.
The hound bites you but does no damage.
The orc priest calls down the wrath of Beogh upon you.
Something smites you!
* * * LOW HITPOINT WARNING * * *
The hound bites you but does no damage. The gnoll hits you but does no damage.
A giant frog zombie comes into view.
Drink which item? (? for menu, Esc to quit)
It was a potion of might.
You feel very mighty all of a sudden. The hound bites you.
You die...

.# ## .#
###.#+ .#
...Z. .#
#####...#.#
#........l
#...?..gn#
#......#♣#
#ogh.#
######


You could see a necrophage, a hound, an orc priest, 2 gnolls, a giant frog
zombie and a giant gecko.

Vanquished Creatures
  An orc wizard (D:5)
  A worker ant (D:5)
  Terence (D:3)
  Robin (D:2)
  An adder (D:2)
  An ooze (D:3)
  2 worms (D:2)
  2 orcs (D:5)
  4 giant cockroaches
  17 hobgoblins
  17 jackals
  9 kobolds
  A quokka (D:2)
  3 ball pythons
  10 bats
  4 giant geckos
  3 giant newts
  18 goblins
  11 rats
  A rat zombie (D:3)
108 creatures vanquished.

Notes
Turn   | Place    | Note
--------------------------------------------------------------
     0 | D:1      | inmateoo the High Elf Gladiator began the quest for the Orb.
     0 | D:1      | Reached XP level 1. HP: 14/14 MP: 2/2
   435 | D:1      | Reached XP level 2. HP: 14/19 MP: 3/3
   655 | D:1      | Reached skill level 4 in Long Blades
  1231 | D:1      | Reached XP level 3. HP: 25/25 MP: 4/4
  1565 | D:2      | Noticed Robin
  1973 | D:2      | Killed Robin
  1973 | D:2      | Reached XP level 4. HP: 30/30 MP: 5/5
  2280 | D:2      | Found a shattered altar of Ashenzari.
  2285 | D:2      | Noticed Sigmund
  2314 | D:3      | Reached skill level 5 in Long Blades
  2615 | D:3      | Noticed Terence
  2646 | D:3      | Killed Terence
  2767 | D:3      | Found an ancient bone altar of Kikubaaqudgha.
  2855 | D:3      | Reached XP level 5. HP: 36/36 MP: 6/6
  2896 | D:3      | Noticed inmateoo's ghost (amateur HEFi)
  3753 | D:2      | Found a bloodstained altar of Trog.
  4119 | D:3      | Found a burning altar of Makhleb.
  4294 | D:4      | Noticed a phantom
  4491 | D:4      | Noticed Blork the orc
  4496 | D:5      | Entered Level 5 of the Dungeon
  4974 | D:6      | Noticed a necrophage
  4974 | D:6      | Noticed kaze's ghost (novice TrBe)
  4979 | D:6      | Slain by a hound

Action                   |  1- 3 |  4- 6 || total
-------------------------+-------+-------++-------
Melee: Long sword        |   166 |    85 ||   251
       Falchion          |       |   118 ||   118
  Use: Scroll            |       |     6 ||     6
       Potion            |       |     4 ||     4
 Stab: Sleeping          |     1 |       ||     1
  Eat: Bread ration      |     1 |       ||     1
       Chunk             |       |     9 ||     9
